 Dungeon Crawl Stone Soup version 0.31.0-1-g2c135a008e (webtiles) character file.

Game seed: 11815849285734034900

417 qw the Shooter (level 7, -23/52 HPs)
             Began as a Djinni Hunter on Jan 23, 2024.
             Was an Initiate of Okawaru.
             Annihilated by an ogre
             ... wielding a +0 giant club
              (32 damage)
             ... on level 4 of the Dungeon.
             The game lasted 00:00:15 (3511 turns).

qw the Shooter (Djinni Hunter)                      Turns: 3511, Time: 00:00:15

Health: -23/52     AC:  5    Str: 10    XL:     7   Next: 15%
Gold:   187        EV: 12    Int: 10    God:    Okawaru [......] SH:  0 Dex: 19

rFire   + + .        a - +0 shortbow
rCold   . . .        (shield currently unavailable)
rNeg    . . .        e - +0 ring mail
rPois   inf          (no helmet)
rElec   .            (no cloak)
rCorr   .            (no gloves)
SInv    .            (boots unavailable)
Will    .....        l - amulet of regeneration
Stlth   +            h - ring of protection from cold
HPRegen 1.08/turn    (no ring)
MPRegen 0.00/turn

%: infuse magic (-24 HP)
@: flying
A: sickness immunity, fire resistance 2, cold vulnerability 1, float, innate
caster, HP casting, extra vitality 1
a: Renounce Religion


You were on level 4 of the Dungeon.
You worshipped Okawaru.
Okawaru was noncommittal.
You visited 1 branch of the dungeon, and saw 4 of its levels.

You collected 187 gold pieces.


Innate Abilities, Weirdness & Mutations

You are immune to sickness and miasma.
You are immune to poison.
Your flesh is very heat resistant. (rF++)
You are vulnerable to cold. (rC-)
You float through the air rather than walking.
You learn spells naturally, not from books.
Your magical power is your life essence.
You have superior vitality. (+4 MHP)


   Skills:
 - Level 4.1 Fighting
 + Level 5.1 Ranged Weapons
 - Level 1.1 Armour
 - Level 3.9 Dodging
 - Level 0.7 Stealth


You knew the following spells:

 Your Spells              Type           Power      Damage    Failure   Level
a - Shock                 Conj/Air       0%         1d3       67%         1
b - Blink                 Tloc           0%         N/A       82%         2
c - Summon Ice Beast      Ice/Summ       0%         N/A       96%         3
Your spell library was empty.

Inventory:

Hand Weapons
 a - a +0 shortbow (weapon)
Armour
 e - a +0 ring mail (worn)
Jewellery
 h - a ring of protection from cold (left hand)
 l - an amulet of regeneration (around neck)
Wands
 f - a wand of roots (16)
Potions
 d - a potion of enlightenment
 g - a potion of invisibility {unknown}
 i - a potion of haste
 j - a potion of brilliance {unknown}
 k - a potion of magic {unknown}

Dungeon Overview and Level Annotations

Branches:
Dungeon (4/15)
 Temple: D:4-7

Altars:
Elyvilon
Fedhas
Okawaru
Yredelemnul

Shops:
D:3 =

Annotations:
D:3 1 runed translucent door, qw's ghost, amateur GrHu


Message History

You shoot an arrow.
The arrow hits the iguana but does no damage.
The iguana is lightly wounded.
The iguana bites you. The iguana bites you!
You shoot an arrow. The arrow closely misses the iguana.
The iguana bites you!
You shoot an arrow. The arrow barely misses the iguana.
The iguana bites you!
You shoot an arrow. The arrow hits the iguana!
The iguana is severely wounded.
The iguana barely misses you.
You shoot an arrow. The arrow hits the iguana.
You kill the iguana!
Okawaru accepts your kill.
You start resting.
An ogre is nearby!
You shoot an arrow. The ogre shouts!
The arrow hits the ogre.
The ogre is lightly wounded.
You shoot an arrow.
The arrow hits the ogre but does no damage.
The ogre is lightly wounded.
The ogre closely misses you.
You shoot an arrow. The arrow barely misses the ogre.
You shoot an arrow. The arrow hits the ogre.
The ogre is moderately wounded.
The ogre hits you with a +0 giant club!!
You shoot an arrow. The arrow hits the ogre!
The ogre is heavily wounded.
The ogre hits you with a +0 giant club!!
You shoot an arrow.
The arrow hits the ogre but does no damage.
The ogre is heavily wounded.
The ogre barely misses you.
You shoot an arrow. The arrow hits the ogre.
The ogre is heavily wounded.
The ogre hits you with a +0 giant club!!
Ouch! That really hurt!
You die...

#########.# #....
###########.# #...%
#.........#.# ##..#
#...........# #..#
#..######.### #..#
#..#..###.# #####~#
#..#......####.#~#~#
#..#...#.....#~#~#~# #
#..@O........##~~#~~
####.##
#.%###.#.#####~##~##
.......
#..#.........##~~#~~
....#
....#.#.#.#####~#~#~#
....#
..#..#.#.#.....#~#~#~#
#####
.......#.#.#...#########
#
>.#######.#.#...#..#.##..
#####.#
........#.#.#...#..#.....
......#
#!#.#.#....)....(.#


You could see an ogre.

Vanquished Creatures
  A phantom (D:4)
  A hound (D:4)
  An orc priest (D:2)
  3 iguanas (D:4)
  2 orc wizards
  7 adders
  3 ribbon worms
  A dart slug (D:3)
  10 orcs
  5 bats
  7 endoplasms
  4 giant cockroaches
  5 goblins
  2 hobgoblins
  2 jackals (D:2)
  A quokka (D:3)
  11 ball pythons
  3 frilled lizards
  9 kobolds
  2 rats
80 creatures vanquished.

Notes
Turn   | Place    | Note
-------+----------+-------------------------------------------
     0 | D:1      | qw the Djinni Hunter began the quest for the Orb.
     0 | D:1      | Reached XP level 1. HP: 18/18 MP: 0/0
     0 | D:1      | 0 ||| qw: Version: 0.3-a-134-g2ba4250
     0 | D:1      | 0 ||| qw: Game counter: 694
     0 | D:1      | 0 ||| qw: Melee chars always use a shield: true
     0 | D:1      | 0 ||| qw: God list: Okawaru
     0 | D:1      | 0 ||| qw: Allow faded altars: false
     0 | D:1      | 0 ||| qw: Do Orc after clearing Dungeon:15 true
     0 | D:1      | 0 ||| qw: Do second Lair branch before Depths: true
     0 | D:1      | 0 ||| qw: Lair rune preference: random
     0 | D:1      | 0 ||| qw: Goals: Normal
     0 | D:1      | 0 ||| PLANNING D:1-11
    83 | D:1      | You are sucked into a shaft and drop 1 floor!
    84 | D:2      | 84 ||| UPGRADING to +0 ring mail.
    94 | D:2      | 94 ||| DROPPING +0 leather armour.
    95 | D:2      | 95 ||| READING scroll labelled HYISTR NUFE.
    96 | D:2      | 96 ||| DROPPING scroll of butterflies.
   229 | D:1      | Reached XP level 2. HP: 23/23 MP: 0/0
   479 | D:1      | 479 ||| DRINKING 2 yellow potions.
   698 | D:2      | Reached skill level 4 in Ranged Weapons
   698 | D:2      | Reached XP level 3. HP: 28/28 MP: 0/0
   698 | D:2      | Learned a level 1 spell: Shock
   849 | D:2      | Reached skill level 1 in Armour
   903 | D:2      | Reached XP level 4. HP: 30/34 MP: 0/0
  1014 | D:2      | 1014 ||| READING scroll labelled LACOUTT UCSO.
  1115 | D:2      | 1115 ||| READING scroll labelled RAATUPERGHE.
  1119 | D:2      | 1119 ||| READING scroll labelled ZIKHLA HAGAR.
  1120 | D:2      | 1120 ||| DRINKING 2 viscous puce potions.
  1319 | D:2      | HP: 7/34 [orc priest/divine providence (13)]
  1320 | D:2      | 1320 ||| DRINKING potion of heal wounds.
  1322 | D:2      | Reached skill level 3 in Fighting
  1336 | D:2      | Reached XP level 5. HP: 16/40 MP: 0/0
  1336 | D:2      | Learned a level 2 spell: Blink
  1608 | D:3      | Found a blossoming altar of Fedhas.
  1795 | D:3      | HP: 10/40 [something (2)]
  1925 | D:3      | Found a white marble altar of Elyvilon.
  1948 | D:3      | Found a faded altar of an unknown god.
  1967 | D:3      | 1967 ||| READING scroll labelled UGO VANLEAXUSCH.
  1979 | D:3      | Found Wiabacvi's Jewellery Shop.
  1990 | D:3      | 1990 ||| SHOPLISTING +4 ring of protection (432 gold, have
                  | 144).
  1990 | D:3      | 1990 ||| SHOPLISTING amulet of reflection (360 gold, have
                  | 144).
  1990 | D:3      | 1990 ||| SHOPLISTING amulet of regeneration (360 gold, have
                  | 144).
  1990 | D:3      | 1990 ||| SHOPLISTING ring "Netsidd" {rF- rN+++ rCorr Str-3
                  | Slay+4} (1179 gold, have 144).
  1990 | D:3      | 1990 ||| SHOPLISTING ring of protection from fire (300
                  | gold, have 144).
  1990 | D:3      | 1990 ||| SHOPLISTING ring of resist corrosion (240 gold,
                  | have 144).
  2085 | D:3      | Found a runed translucent door.
  2085 | D:3      | Noticed qw's ghost (amateur GrHu)
  2225 | D:3      | 2225 ||| READING scroll labelled FUK MUDOQUTS.
  2226 | D:3      | 2226 ||| READING scroll labelled RODEEZX FUYWKA.
  2227 | D:3      | 2227 ||| READING scroll labelled ISIRRON KIST.
  2227 | D:3      | 2227 ||| IDENTIFYING fizzy yellow potion
  2228 | D:3      | 2228 ||| DROPPING potion of degeneration.
  2373 | D:4      | 2373 ||| PLANNING SEWER
  2376 | D:4      | Reached skill level 5 in Ranged Weapons
  2442 | D:4      | Reached XP level 6. HP: 46/46 MP: 0/0
  2627 | D:4      | Found a basalt altar of Yredelemnul.
  2644 | D:4      | Noticed an ogre
  2652 | D:4      | HP: 8/46 [ogre/+0 giant club (11)]
  2653 | D:4      | 2653 ||| READING scroll of teleportation.
  2658 | D:4      | HP: 8/46 [adder (2)]
  2817 | D:4      | HP: 11/46 [phantom (3)]
  2820 | D:4      | Reached skill level 3 in Dodging
  2971 | D:4      | Found an iron altar of Okawaru.
  3122 | D:4      | 3122 ||| FLEEEEING.
  3283 | D:4      | Reached XP level 7. HP: 45/52 MP: 0/0
  3283 | D:4      | Learned a level 3 spell: Summon Ice Beast
  3324 | D:4      | 3324 ||| RIP SEWER
  3324 | D:4      | 3324 ||| RIP OSSUARY
  3324 | D:4      | 3324 ||| PLANNING OKAWARU WORSHIP
  3324 | D:4      | 3324 ||| UPGRADING to amulet of regeneration.
  3329 | D:4      | 3329 ||| UPGRADING to ring of protection from cold.
  3330 | D:4      | 3330 ||| READING 2 scrolls of identify.
  3330 | D:4      | 3330 ||| IDENTIFYING brown potion
  3331 | D:4      | 3331 ||| READING scroll of identify.
  3331 | D:4      | 3331 ||| IDENTIFYING bubbling dark potion
  3332 | D:4      | 3332 ||| DROPPING potion of lignification.
  3395 | D:4      | Became a worshipper of Warmaster Okawaru
  3396 | D:4      | 3396 ||| PLANNING D:1-11
  3469 | D:4      | HP: 7/52 [iguana (11)]
  3509 | D:4      | HP: 6/52 [ogre/+0 giant club (21)]
  3511 | D:4      | Annihilated by an ogre

Levels and vault maps discovered:
D:1:      heliophobic_arrival_dark_side_of_the_moon, layout_rooms
D:2:      layout_basic, minivault_23, chequers_serial_rivers_micro_c
D:3:      layout_rooms, general_overflow_altar, nicolae_overflow_crystal_walls,
          serial_shops, nicolae_shop_statue_plus, gammafunk_ghost_grave,
          nicolae_ecumenical_oubliette, minmay_misc_feat_tiny
D:4:      layout_basic, marbit_many_paths, mainiacjoe_overflow_24_doors,
          gammafunk_temple_overflow_statue, enter_ossuary_3,
          mainiacjoe_sewer_entry_somewhere_in_here_2

Skill      XL: |  1  2  3  4  5  6 |
---------------+-------------------+-----
Ranged Weapons | 4 5 |  5.1
Armour         | 1 |  1.1
Fighting       | 3 4 |  4.1
Dodging        | 3 |  3.9
Stealth        | |  0.7

Action                     |  1- 3 |  4- 6 |  7- 9 || total
---------------------------+-------+-------+-------++-------
   Fire: Shortbow          |    74 |   220 |    15 ||   309
    Use: Scroll            |     1 |     8 |     2 ||    11
         Potion            |     1 |     2 |       ||     3
 Armour: Ring mail         |    31 |   107 |     9 ||   147
         Leather armour    |     2 |       |       ||     2
  Dodge: Dodged            |    19 |    79 |     3 ||   101

Table legend:
 A = Non-vault XP
 B = Vault XP
 C = Vault XP percentage of total XP
 D = Non-vault monster count
 E = Vault monster count
 F = Vault count percentage of total count
                 A         B        C        D         E       F
            +---------+---------+-------+---------+---------+-------
      Total |     580 |      16 |   2.7 |      73 |       7 |   8.8
            +---------+---------+-------+---------+---------+-------
        D:1 |       9 |       0 |   0.0 |       7 |       0 |   0.0
        D:2 |     157 |       0 |   0.0 |      25 |       0 |   0.0
        D:3 |     101 |       0 |   0.0 |      27 |       0 |   0.0
        D:4 |     313 |      16 |   4.9 |      14 |       7 |  33.3
            +---------+---------+-------+---------+---------+-------
